 Dungeon Crawl Stone Soup version 0.30-a0-711-gf4ac18a38d (webtiles) character file.

Game seed: 11140000030105800639

11071 holysushi the Destroyer (level 11, -7/64 HPs)
             Began as an Octopode Conjurer on Jan 22, 2023.
             Was an Initiate of Gozag.
             Shot with an arrow by a centaur warrior (19 damage)
             ... on level 11 of the Dungeon.
             The game lasted 00:33:16 (15804 turns).

holysushi the Destroyer (Octopode Conjurer)        Turns: 15804, Time: 00:33:16

Health: -7/64      AC:  1    Str:  6    XL:     11   Next: 72%
Magic:  6/22       EV: 19    Int: 31    God:    Gozag
Gold:   1075       SH:  5    Dex: 20    Spells: 4/25 levels left

rFire   . . .      SeeInvis +    l - +6 dagger of Deuj {spect, rPois Int+3 SInv}
rCold   . . .      Faith    .    m - +0 buckler
rNeg    + . .      Spirit   .    (helmet restricted)
rPois   +          Reflect  .    (no amulet)
rElec   .          Harm     .    k - +6 ring of dexterity
rCorr   .          Rampage  .    c - +6 ring of intelligence
Will    .....                    y - ring of positive energy
Stlth   ++++                     (no ring)
HPRegen 0.30/turn                (no ring)
MPRegen 0.18/turn                (no ring)
                                 (no ring)
                                 (no ring)

@: no status effects
A: almost no armour, amphibious, 8 rings, camouflage 1, gelatinous body 1,
(nimble swimmer 1), tentacles
a: Renounce Religion, Potion Petition, Call Merchant, Bribe Branch


You were on level 11 of the Dungeon.
You worshipped Gozag.
Gozag was most pleased with you.
You visited 2 branches of the dungeon, and saw 12 of its levels.
You also visited: Bailey.

You collected 1197 gold pieces.
You paid 122 gold pieces to Gozag.

Inventory:

Hand Weapons
 l - the +6 dagger of Deuj (weapon) {spect, rPois Int+3 SInv}
   (You found it on level 3 of the Dungeon)

   Int:       It affects your intelligence (+3).
   rPois:     It protects you from poison.
   SInv:      It lets you see invisible.
Missiles
 w - 2 throwing nets
Armour
 m - a +0 buckler (worn)
Jewellery
 c - a +6 ring of intelligence (right tentacle)
 k - a +6 ring of dexterity (left tentacle)
 y - a ring of positive energy (on tentacle)
Wands
 a - a wand of paralysis (5)
 i - a wand of mindburst (12)
Scrolls
 d - a scroll of butterflies
 h - 2 scrolls of fog
 j - a scroll of vulnerability
 n - 3 scrolls of brand weapon
 q - 2 scrolls of amnesia
 r - 2 scrolls of enchant armour
 v - 3 scrolls of teleportation
 A - a scroll of poison
 B - 2 scrolls of identify
 C - a scroll of blinking
Potions
 b - 3 potions of curing
 e - 4 potions of haste
 f - a potion of resistance
 g - a potion of degeneration {unknown}
 o - 4 potions of invisibility
 p - 4 potions of cancellation
 s - 2 potions of flight
 t - a potion of might
 u - 2 potions of mutation
 x - 2 potions of magic
 z - 3 potions of heal wounds


   Skills:
 + Level 1.8 Fighting
 - Level 1.0 Short Blades
 - Level 10.0 Dodging
 - Level 5.0 Stealth
 - Level 2.0 Shields
 + Level 7.5 Spellcasting
 - Level 13.0 Conjurations
 - Level 2.0 Evocations


You had 4 spell levels left.
You knew the following spells:

 Your Spells              Type           Power      Damage    Failure   Level
a - Magic Dart            Conj           100%       1d8       1%          1
b - Searing Ray           Conj           100%       2d8       1%          2
c - Dazzling Flash        Conj/Hex       100%       N/A       1%          3
d - Fulminant Prism       Conj/Hex       25%        3d14      3%          4
e - Iskenderun's Mystic   Conj/Tloc      51%        2d11      3%          4
f - Orb of Destruction    Conj           37%        9d11      22%         7

Your spell library contained the following spells:

 Spells                   Type           Power      Damage    Failure   Level
 Momentum Strike          Conj/Tloc      100%       3d10      1%          2
 Blink                    Tloc           22%        N/A       9%          2
 Lesser Beckoning         Tloc           22%        N/A       9%          2
 Ozocubu's Armour         Ice            11%        N/A       17%         3
 Tukima's Dance           Hex            11%        N/A       17%         3
 Passage of Golubria      Tloc           11%        N/A       50%         4
 Iskenderun's Battlesphe  Conj           75%        2d12      1%          5
 Fireball                 Conj/Fire      25%        3d11      11%         5
 Conjure Ball Lightning   Conj/Air       25%        3x3d7     52%         6
 Metabolic Englaciation   Hex/Ice        5%         N/A       83%         5
 Yara's Violent Unravell  Hex/Tmut       5%         3d4       83%         5
 Simulacrum               Ice/Necr       Unusable   N/A       N/A         6

Dungeon Overview and Level Annotations

Branches:
Dungeon (11/15) Zot: 26214  Temple (1/1) D:7 Zot: 5998     Orc (0/2) D:9
 Bailey (visited)
   Lair: D:8-11

Altars:
Ashenzari
Cheibriados
Dithmenos
Elyvilon
Fedhas
Gozag
Hepliaklqana
Kikubaaqudgha
Makhleb
Nemelex Xobeh
Okawaru
Qazlal
Ru
Sif Muna
Trog
Uskayaw
Vehumet
Wu Jian
Xom
Yredelemnul
Zin
The Shining One
Lugonu

Portals:
Abyss: D:6

Annotations:
D:6 3 runed translucent doors, Darius099's ghost, novice TrBe
D:7 greasedhog's ghost, novice TrFi


Innate Abilities, Weirdness & Mutations

You cannot wear most types of armour.
You are amphibious.
You can wear up to eight rings at the same time.
Your skin changes colour to match your surroundings (Stealth+).
Your rubbery body absorbs attacks. (AC +1, EV +1)
((You are camouflaged when in or above water. (Stealth+)))
You have tentacles for arms and can constrict up to eight enemies at once.


Message History

The orc priest is dazzled.
The orc priest is distracted by your dazzling golden aura.
An orc wizard comes into view. It is wielding a +0 dagger.
You strike the helpless orc priest from behind!
You puncture the orc priest!
You kill the orc priest!
The orc wizard mumbles some strange words.
The orc wizard flickers and vanishes for a moment.
Training target 13.0 for Conjurations reached!
Your Conjurations skill increases to level 13!
A centaur warrior comes into view.
The orc wizard points at you and mumbles some strange words.
You easily resist.
Things that are here:
7 gold pieces; a +0 trident; a +0 leather armour You closely miss the orc wizard.
The centaur warrior shouts!
You grab the orc wizard.
You squeeze the orc wizard, but do no damage.
You constrict the orc wizard.
The centaur warrior wields a +0 shortbow.
The centaur warrior shoots an arrow.
The arrow hits you! The orc wizard misses you.
Casting: Dazzling Flash (safe; 1% risk of failure)
Confirm with . or Enter, or press ? or * to list all spells.
Casting: Dazzling Flash (safe; 1% risk of failure)
Press: ? - help, Dir - look around, f - activate The orc wizard is dazzled.
You constrict the orc wizard.
The centaur warrior shoots an arrow.
You block the arrow.
The centaur warrior shoots an arrow.
The arrow hits you! The orc wizard closely misses you.
You release your grip on the orc wizard.
You hit the orc wizard but do no damage.
Your grab misses the orc wizard.
The orc wizard is moderately wounded.
The centaur warrior shoots an arrow.
The arrow hits you!!
* * * LOW HITPOINT WARNING * * *
The centaur warrior shoots an arrow.
The arrow hits you!!
You die...
Your body crumbles into a pile of gold.

.## ..c########
###########
#........#####≈≈≈≈≈≈≈≈≈≈
#...........~≈≈≈≈≈≈≈≈≈≈
#.........≈~≈≈≈≈≈≈≈≈≈≈≈
#.....)~)~≈≈≈≈≈≈≈≈≈≈≈≈
#.'#'..~~≈≈≈≈≈≈≈≈≈≈≈≈~
#..[#@...~≈≈≈≈≈≈≈≈≈≈≈~
#.$#o#.##~~≈≈≈≈≈≈≈≈≈≈≈
#..'#.#...≈≈≈≈≈≈≈~~~~~
#'..#.#.#######.......#
#....#.## #........
#.#.#.#.# ####'####
#...#. ## #....# ....# #
####.# .#.# ##..


You could see a centaur warrior and an orc wizard (invisible, blind).

Vanquished Creatures
  5 two-headed ogres
  An orc knight (Bailey)
  A manticore (D:11)
  Maggie (D:5)
  A tengu conjurer (D:11)
  A troll (D:9)
  Prince Ribbit (D:7)
  Sigmund (D:6)
  A wraith (D:11)
  2 wyverns
  5 yaks (D:11)
  4 vampire mosquitoes (D:10)
  2 steam dragons
  An acid dragon (D:10)
  2 water moccasins
  3 orc warriors
  2 black bears (D:6)
  An ice beast (D:5)
  2 centaurs
  3 ogres
  A phantom (D:6)
  2 bullfrogs
  A gnoll sergeant (D:10)
  3 scorpions
  A necrophage (D:8)
  16 wights
  A wyvern skeleton (D:6)
  6 killer bees
  2 electric eels
  2 howler monkeys
  2 bullfrog zombies (D:6)
  4 centaur zombies (D:6)
  5 hounds
  5 orc priests
  A jelly (D:5)
  3 iron imps (D:8)
  2 iguanas (D:5)
  Ijyb (D:2)
  13 orc wizards
  3 howler monkey zombies (D:6)
  16 gnolls
  A howler monkey skeleton (D:6)
  3 adders
  A shadow imp (D:7)
  A white imp (D:6)
  A worm (D:2)
  3 dart slugs
  49 orcs
  7 ball pythons
  7 endoplasms
  A giant cockroach (D:3)
  3 goblins
  A hobgoblin (D:4)
  2 kobolds
  A quokka (D:2)
  2 bats (D:2)
  A frilled lizard (D:2)
  A rat (D:1)
  2 fulminant prisms
  A lurking horror (D:6)
218 creatures vanquished.

Vanquished Creatures (others)
  16 bushes (D:10)
  108 fulminant prisms
  11 withered plants (D:6)
135 creatures vanquished.

Grand Total: 353 creatures vanquished

Notes
Turn   | Place    | Note
-------+----------+-------------------------------------------
     0 | D:1      | holysushi the Octopode Conjurer began the quest for the
                  | Orb.
     0 | D:1      | Reached XP level 1. HP: 11/11 MP: 3/3
     2 | D:1      | Noticed a ghoul
     2 | D:1      | Noticed a vine stalker
     4 | D:1      | Noticed a demigod
     6 | D:1      | Noticed a merfolk
     6 | D:1      | Noticed an elf
     8 | D:1      | Noticed a meteoran
     8 | D:1      | Noticed a gargoyle
    11 | D:1      | Noticed a felid
    13 | D:1      | Noticed a minotaur
    13 | D:1      | Noticed a vampire
    15 | D:1      | Noticed an armataur
    15 | D:1      | Noticed a spriggan
    17 | D:1      | Noticed a formicid
    17 | D:1      | Noticed a troll
    19 | D:1      | Noticed an ogre
    19 | D:1      | Noticed a demonspawn
    21 | D:1      | Noticed a draconian
    23 | D:1      | Noticed a human
    23 | D:1      | Noticed a naga
    25 | D:1      | Noticed an octopode
    25 | D:1      | Noticed a minotaur
    27 | D:1      | Noticed an octopode
    27 | D:1      | Noticed a draconian
   507 | D:1      | Reached XP level 2. HP: 17/17 MP: 0/5
   645 | D:1      | Learned a level 2 spell: Searing Ray
  1538 | D:2      | Noticed a howler monkey
  1543 | D:2      | Killed a howler monkey
  1544 | D:2      | Reached XP level 3. HP: 21/21 MP: 0/8
  1836 | D:2      | Identified the +1 ring mail "Tymy" {Contam Int+2 SInv}
  1842 | D:3      | Reached XP level 4. HP: 27/27 MP: 6/9
  1843 | D:3      | Noticed Ijyb
  1843 | D:3      | Paralysed by Ijyb for 4 turns
  1850 | D:3      | Paralysed by Ijyb for 3 turns
  1863 | D:2      | Killed Ijyb
  2214 | D:3      | Identified the +6 dagger of Deuj {spect, rPois Int+3 SInv}
  2284 | D:3      | Learned a level 3 spell: Dazzling Flash
  2289 | D:3      | Learned a level 4 spell: Fulminant Prism
  2986 | D:4      | Reached XP level 5. HP: 31/31 MP: 9/11
  3333 | D:4      | Reached skill level 5 in Spellcasting
  3333 | D:4      | Reached XP level 6. HP: 36/36 MP: 6/13
  3336 | D:4      | Reached skill level 5 in Conjurations
  3629 | D:4      | Learned a level 4 spell: Iskenderun's Mystic Blast
  3832 | D:4      | Reached skill level 1 in Shields
  4030 | D:5      | Entered Level 5 of the Dungeon
  4425 | D:5      | Reached XP level 7. HP: 33/41 MP: 4/15
  4608 | D:5      | Reached skill level 6 in Conjurations
  5107 | D:5      | Reached skill level 7 in Conjurations
  5150 | D:5      | Reached XP level 8. HP: 46/46 MP: 11/17
  5483 | D:6      | Noticed Sigmund
  5638 | D:5      | Identified the +4 chain mail of Tenacity {Str+2 Dex+3}
  6127 | D:5      | Reached skill level 8 in Conjurations
  6726 | D:6      | Killed Sigmund
  6727 | D:6      | Noticed Darius099's ghost (novice TrBe)
  6823 | D:6      | Noticed Maggie
  7079 | D:6      | Reached skill level 9 in Conjurations
  7189 | D:6      | Reached XP level 9. HP: 51/51 MP: 3/18
  7465 | D:5      | Killed Maggie
  7466 | D:5      | Reached skill level 10 in Conjurations
  7970 | D:6      | Reached skill level 5 in Dodging
  8218 | D:6      | Found a runed translucent gate.
  8219 | D:6      | Found a runed translucent gate.
  8219 | D:6      | Found a runed translucent gate.
  8569 | D:6      | Found a one-way gate to the infinite horrors of the Abyss.
  8570 | D:6      | Found a corrupted altar of Lugonu.
  8845 | D:7      | Reached skill level 1 in Evocations
  8978 | D:7      | Found a runed translucent gate.
  8978 | D:7      | Found an opulent altar of Gozag.
  8978 | D:7      | Found a runed translucent gate.
  8978 | D:7      | Noticed greasedhog's ghost (novice TrFi)
  8978 | D:7      | Noticed a boulder beetle
  8979 | D:7      | Found a runed translucent gate.
  8979 | D:7      | Noticed a two-headed ogre
  9109 | D:7      | Noticed Prince Ribbit
  9120 | D:7      | Killed Prince Ribbit
  9347 | D:7      | Reached XP level 10. HP: 35/56 MP: 7/19
  9832 | D:7      | Found a staircase to the Ecumenical Temple.
  9937 | Temple   | Entered the Ecumenical Temple
 10492 | D:7      | Killed a two-headed ogre
 10595 | D:7      | Became a worshipper of Gozag Ym Sagoz the Greedy
 10760 | D:8      | Noticed a two-headed ogre
 10779 | D:8      | Killed a two-headed ogre
 10780 | D:8      | Reached skill level 10 in Dodging
 10801 | D:8      | Found a flagged portal.
 10820 | D:8      | Identified the +5 spear of the New World {antimagic, rF+}
 10888 | Bailey   | Entered a bailey
 11201 | Bailey   | Noticed an orc knight
 11293 | Bailey   | Killed an orc knight
 11294 | Bailey   | Reached skill level 1 in Short Blades
 11294 | Bailey   | Reached skill level 5 in Stealth
 11771 | D:8      | Found a burning altar of Makhleb.
 11958 | D:8      | Found a white marble altar of Elyvilon.
 13100 | D:9      | Found a staircase to the Orcish Mines.
 13227 | D:10     | Entered Level 10 of the Dungeon
 13230 | D:10     | Reached XP level 11. HP: 50/62 MP: 12/21
 13234 | D:10     | Reached skill level 11 in Conjurations
 13950 | D:10     | Noticed a two-headed ogre
 14083 | D:10     | Noticed a two-headed ogre
 14093 | D:10     | Killed a two-headed ogre
 14094 | D:10     | Reached skill level 12 in Conjurations
 14098 | D:10     | Noticed a two-headed ogre
 14305 | D:10     | Killed a two-headed ogre
 14497 | D:10     | Found an opulent altar of Gozag.
 14497 | D:10     | Found a radiant altar of Vehumet.
 14570 | D:10     | Killed a two-headed ogre
 14966 | D:10     | Learned a level 7 spell: Orb of Destruction
 15678 | D:11     | Noticed a manticore
 15692 | D:11     | Killed a manticore
 15693 | D:11     | Reached skill level 1 in Fighting
 15800 | D:11     | Reached skill level 13 in Conjurations
 15800 | D:11     | Noticed a centaur warrior
 15804 | D:11     | Shot with an arrow by a centaur warrior

Illustrated notes

Levels and vault maps discovered:
D:1:      kb_arrival_jail, layout_basic, glass_columns_b
D:2:      layout_loops_ring, minmay_misc_feat_enclosed
D:3:      layout_loops_cross, uniq_ijyb
D:4:      layout_layer_cave, minmay_a_box_with_orc_wizards_in_it
D:5:      layout_loops_ring
D:6:      layout_cave_pools, serial_undead, serial_undead_f, serial_undead_f,
          serial_undead_f, serial_undead_c, serial_undead_e, serial_undead_b,
          serial_undead_f, gammafunk_ghost_split, grunt_decor_mini_mirrors,
          amcnicky_altar_lugonu_corruption, uniq_maggie, uniq_sigmund
D:7:      layout_gridville, minmay_temple_entry_fiery, ebering_ghost_gozag,
          uniq_prince_ribbit1
D:8:      layout_basic, demons_altar, elyvilon_altar_3, enter_bailey_2
D:9:      layout_rooms, orc_0_dummy
D:10:     layout_irregular_city, gammafunk_temple_overflow_wave,
          nicolae_zen_rock_garden, minmay_hedge_maze
D:11:     layout_basic, hellmonk_guarded_unrand_staff_of_battle
Temple:   nicolae_temple_no_exploring_needed

Skill      XL: |  1  2  3  4  5  6  7  8  9 10 11 |
---------------+----------------------------------+-----
Spellcasting   | 3 4 5 6 7 |  7.5
Conjurations   | 5 7 9 10 13 | 13.0
Shields        | 1 2 |  2.0
Dodging        | 4 7 10 | 10.0
Evocations     | 2 |  2.0
Stealth        | 5 |  5.0
Short Blades   | 1 |  1.0
Fighting       | 1 |  1.8

Action                     |  1- 3 |  4- 6 |  7- 9 | 10-12 || total
---------------------------+-------+-------+-------+-------++-------
  Melee: Unarmed           |     2 |       |       |       ||     2
         Constrict         |     1 |       |     7 |     9 ||    17
         Tentacles         |     1 |       |     6 |    16 ||    23
         Punch             |     1 |       |     1 |       ||     2
         Dagger            |       |       |    22 |    62 ||    84
   Cast: Magic Dart        |    33 |    37 |    52 |    22 ||   144
         Searing Ray       |     2 |    18 |    36 |    13 ||    69
         Fulminant Prism   |       |       |    26 |    84 ||   110
         Iskenderun's Myst |       |       |    15 |    14 ||    29
         Dazzling Flash    |       |       |     2 |     5 ||     7
  Evoke: Wand              |       |       |       |     9 ||     9
    Use: Scroll            |     4 |       |    11 |     7 ||    22
         Potion            |       |     2 |     1 |     5 ||     8
   Stab: Sleeping          |       |       |     1 |    13 ||    14
         Paralysed         |       |       |       |     1 ||     1
         Invisible         |       |       |       |     3 ||     3
         Distracted        |       |       |       |     1 ||     1
 Armour: Skin              |     1 |     1 |     7 |     1 ||    10
  Dodge: Dodged            |     4 |     7 |    72 |    60 ||   143
  Block: Buckler           |       |       |    23 |    21 ||    44

Table legend: (Time is in decaauts)
 A = Elapsed time spent in this place.
 B = Non-inter-level travel time spent in this place.
 C = Inter-level travel time spent in this place.
 D = Time resting spent in this place.
 E = Time spent auto-exploring this place.
 F = Levels seen in this place.
 G = Mean time per level.
                   A        B        C        D        E       F      G
               +--------+--------+--------+--------+--------+-----+--------+
         Total |  15791 |  15157 |    634 |   4524 |   8353 |  13 | 1214.7 |
       Dungeon |  15122 |  14489 |    633 |   4353 |   8128 |  11 | 1374.7 |
        Temple |      1 |      1 |      0 |      0 |      0 |   1 |    1.0 |
        Bailey |    666 |    666 |      0 |    171 |    225 |   1 |  666.0 |
               +--------+--------+--------+--------+--------+-----+--------+

Top non-repeatable levels by time:
     D:5: 3295 daAuts
     D:7: 1890 daAuts
     D:6: 1491 daAuts
     D:4: 1448 daAuts
    D:10: 1336 daAuts
     D:9: 1262 daAuts
     D:1: 1012 daAuts
     D:8: 965 daAuts
     D:2: 932 daAuts
    D:11: 784 daAuts
     D:3: 703 daAuts
  Bailey: 666 daAuts
  Temple: 1 daAuts
